 Dungeon Crawl Stone Soup version 0.24.1-14-gf8d2b509d9 (console) character file.

Game seed: 17072702905742032995, levelgen mode: deterministic

34 Kagalorn the Grasshopper (level 3, 0/29 HPs)
             Began as a Minotaur Wanderer on Feb 25, 2021.
             Succumbed to an adder's poison
             ... on level 1 of the Dungeon.
             The game lasted 00:02:25 (696 turns).

Kagalorn the Grasshopper (Minotaur Wanderer)         Turns: 696, Time: 00:02:26

Health: 0/29       AC:  2    Str: 16    XL:     3   Next: 14%
Magic:  4/4        EV: 12    Int: 11    God:
Gold:   79         SH:  0    Dex:  8    Spells: 3/4 levels left

rFire    . . .     SeeInvis .   a - +1 dagger (venom)
rCold    . . .     Gourm    .   (no shield)
rNeg     . . .     Faith    .   d - +0 robe
rPois    .         Spirit   .   (helmet restricted)
rElec    .         Reflect  .   b - scarf {repulsion}
rCorr    .         Harm     .   (no gloves)
MR       .....                  (no boots)
Stlth    +.........             (no amulet)
HPRegen  0.09/turn              (no ring)
MPRegen  0.09/turn              (no ring)

@: lethally poisoned (0 -> -7), repel missiles
A: retaliatory headbutt, horns 2
a: no special abilities


You were on level 1 of the Dungeon.
You were not hungry.

You visited 1 branch of the dungeon, and saw 2 of its levels.

You collected 79 gold pieces.

Inventory:

Hand Weapons
 a - a +1 dagger of venom (weapon)
Armour
 b - a scarf of repulsion (worn)
 d - a +0 robe (worn)
Scrolls
 c - a scroll of fear {unknown}
 e - 2 scrolls of remove curse {unknown}
 g - a scroll of teleportation {unknown}
 h - a scroll of random uselessness {unknown}
 i - a scroll of identify {unknown}
 j - a scroll of enchant armour {unknown}
Comestibles
 f - 2 rations


   Skills:
 + Level 1.8 Fighting
 + Level 1.8 Armour
 + Level 1.6 Dodging
 - Level 1.0 Stealth
   Level 1.2 Shields
 - Level 1.3 Spellcasting
   Level 2.1 Translocations
 - Level 1.5 Transmutations
   Level 1.0 Fire Magic


You had 3 spell levels left.
You knew the following spells:

 Your Spells              Type           Power        Failure   Level  Hunger
a - Beastly Appendage     Tmut           #.....       17%         1    ##.....

Your spell library contained the following spells:

 Spells                   Type           Power        Failure   Level  Hunger
 Blink                    Tloc           N/A          19%         2    ###....
 Shroud of Golubria       Chrm/Tloc      #.....       30%         2    ###....
 Gell's Gravitas          Tloc           #.........   36%         3    ####...
 Lesser Beckoning         Tloc           #.........   36%         3    ####...
 Teleport Other           Tloc           #.......     36%         3    ####...
 Ensorcelled Hibernation  Hex/Ice        #.....       43%         2    ###....
 Throw Frost              Conj/Ice       #.....       43%         2    ###....
 Ignite Poison            Fire/Tmut/Pois #.......     54%         3    ####...
 Passage of Golubria      Tloc           N/A          77%         4    #####..


Dungeon Overview and Level Annotations

Branches:
Dungeon (2/15)

Altars:


Innate Abilities, Weirdness & Mutations

You reflexively headbutt those who attack you in melee.
You have a pair of horns on your head.


Message History

The adder completely misses you.
You barely miss the adder.
The adder is lightly wounded.
The adder bites you.
* * * LOW HITPOINT WARNING * * *
You barely miss the adder.
The adder is lightly wounded.
The adder completely misses you. You furiously retaliate!
You headbutt the adder. The adder bites you.
* * * LOW HITPOINT WARNING * * *
You barely miss the adder.
The adder is heavily wounded.
* * * LOW HITPOINT WARNING * * *
You feel sick. The adder bites you.
* * * LOW HITPOINT WARNING * * *
You are more poisoned.
The adder poisons you!
You aren't carrying any potions.
You aren't carrying any potions.
You die...

......##....##.#.....#
.......#....##.##....##
##.###......##.##.....#
##......##..........###
...................##
.#......#..#.......########
..........##....S#........#
...........#(....#).......#
................@#........#
#........................)#
#.....[...................#
..........................#
.........#..........>.....#
........................(.#
##...........#..........###
##......................#
...........##.......รท(..#


You could see an adder.

Vanquished Creatures
  2 oozes (D:1)
  2 dart slugs (D:1)
  A leopard gecko (D:1)
  3 bats (D:1)
  2 giant cockroaches (D:1)
  A hobgoblin (D:1)
  3 kobolds (D:1)
  3 goblins (D:1)
  3 rats (D:1)
20 creatures vanquished.

Notes
Turn   | Place    | Note
-------+----------+-------------------------------------------
     0 | D:1      | Kagalorn the Minotaur Wanderer began the quest for the Orb.
     0 | D:1      | Kagalorn set off with the following items: a +0 club, a +0
                  | robe, a ration; and the following spell memorised: Beastly
                  | Appendage; and the following spells available to memorise:
                  | Blink, Shroud of Golubria, Gell's Gravitas, Lesser
                  | Beckoning, Teleport Other, Ensorcelled Hibernation, Throw
                  | Frost, Ignite Poison, Passage of Golubria
     0 | D:1      | Reached XP level 1. HP: 14/14 MP: 1/1
    70 | D:1      | Reached skill level 1 in Fighting
    70 | D:1      | Reached skill level 1 in Armour
    70 | D:1      | Reached skill level 1 in Dodging
    70 | D:1      | Reached XP level 2. HP: 22/23 MP: 3/3
   240 | D:1      | Reached XP level 3. HP: 11/29 MP: 4/4
   694 | D:1      | HP: 1/29 [adder (1)]
   696 | D:1      | Succumbed to an adder's poison

Levels and vault maps discovered:
D:1:      scummos_arrival_simple_fountains, layout_rooms
D:2:      layout_rooms, first_ration

Skill      XL: |  1 |
---------------+----+-----
Fighting       | 1 |  1.8
Armour         | 1 |  1.8
Dodging        | 1 |  1.6
Stealth        | |  1.0
Shields        | |  1.2
Spellcasting   | |  1.3
Translocations | |  2.1
Transmutations | |  1.5
Fire Magic     | |  1.0

Action                   || total
-------------------------++-------
Melee: Dagger            ||    60
       Headbutt          ||     6
       Unarmed           ||     1
Armor: Robe              ||    10
Dodge: Dodged            ||    45
